3L
PANAMA CITY PIRANHAS @ VANCOUVER GREY WOLVES
09/03/2042
 
TOP OF THE 1ST
Panama City Piranhas batting - Pitching for Vancouver Grey Wolves : LHP Hong-bin Hua
Pitching: LHP Hong-bin Hua
Batting: LHB Oasiz Wiesblatt 0-0: SINGLE (Groundball, 34D, EV 104.4 MPH)
Batting: RHB Cleveland Kraut 0-0: Ball
1-0: Ball
2-0: Ball
3-0: Foul Ball, location: 2F
3-1: SINGLE (Groundball, 6MD, EV 95.6 MPH)
Oasiz Wiesblatt to second
Batting: RHB Blaze Alexander 0-0: Foul Ball, location: 2F
0-1: Ball
1-1: Ball
2-1: SINGLE (Line Drive, 8RS, EV 103.1 MPH)
Oasiz Wiesblatt to third
Cleveland Kraut to second
Batting: RHB Carsello Scruggins 0-0: Ball
1-0: Fly out, F8 (Line Drive, 8RM, EV 100.0 MPH)
Batting: RHB William Penn 0-0: Grounds into double play, 3-6-3 (Groundball, 3, EV 81.2 MPH)
Top of the 1st over - 0 runs, 3 hits, 0 errors, 2 left on base; Panama City 0 - Vancouver 0
BOTTOM OF THE 1ST
Vancouver Grey Wolves batting - Pitching for Panama City Piranhas : RHP Jaganmani Vivek
Pitching: RHP Jaganmani Vivek
Batting: SHB Willie McGirt 0-0: Foul Ball, location: 2F
0-1: Ball
1-1: Foul Ball, location: 2F
1-2: SOLO HOME RUN (Line Drive, 9LD, EV 105.0 MPH), Distance : 330 ft
Batting: LHB José Arras 0-0: Foul Ball, location: 2F
0-1: Ball
1-1: Swinging Strike
1-2: Foul Ball, location: 2F
1-2: Strikes out swinging
Batting: RHB José Torres 0-0: Called Strike
0-1: Ball
1-1: Called Strike
1-2: Ball
2-2: DOUBLE (Line Drive, 78D, EV 100.6 MPH)
Batting: RHB Rafael Maldonado 0-0: Foul Ball, location: 2F
0-1: Ball
1-1: 2-RUN HOME RUN (Flyball, 7LD, EV 97.5 MPH), Distance : 330 ft
Batting: LHB Javier Caceres 0-0: SOLO HOME RUN (Flyball, 9LD, EV 95.6 MPH), Distance : 343 ft
Batting: SHB John Hawley 0-0: Called Strike
0-1: Ball
1-1: Called Strike
1-2: Strikes out looking
Batting: LHB Cameron Woolever 0-0: Swinging Strike
0-1: Ground out 5-3 (Groundball, 56S, EV 84.4 MPH)
Bottom of the 1st over - 4 runs, 4 hits, 0 errors, 0 left on base; Panama City 0 - Vancouver 4
TOP OF THE 2ND
Panama City Piranhas batting - Pitching for Vancouver Grey Wolves : LHP Hong-bin Hua
Batting: RHB Silvian Burger 0-0: Ball
1-0: Ball
2-0: Ball
3-0: Called Strike
3-1: Foul Ball, location: 2F
3-2: Base on Balls
Batting: LHB Hugh Hill 0-0: Ball
1-0: Called Strike
1-1: Grounds into double play, 4-6-3 (Groundball, 4, EV 100.6 MPH)
Batting: RHB Luke Thornton 0-0: Ground out 5-3 (Groundball, 56S, EV 78.8 MPH)
Top of the 2nd over - 0 runs, 0 hits, 0 errors, 0 left on base; Panama City 0 - Vancouver 4
BOTTOM OF THE 2ND
Vancouver Grey Wolves batting - Pitching for Panama City Piranhas : RHP Jaganmani Vivek
Batting: RHB David Stone 0-0: Swinging Strike
0-1: Ball
1-1: Called Strike
1-2: Strikes out swinging
Batting: RHB Jimmy Scott 0-0: Foul Ball, location: 2F
0-1: Called Strike
0-2: Strikes out swinging
Batting: SHB Willie McGirt 0-0: Swinging Strike
0-1: Called Strike
0-2: SINGLE (Groundball, 34, EV 102.5 MPH)
Batting: LHB José Arras 0-0: Foul Ball, location: 2F
0-1: Ball
1-1: Called Strike
1-2: 2-RUN HOME RUN (Flyball, 78XD, EV 90.0 MPH), Distance : 398 ft
Batting: RHB José Torres 0-0: Ball
1-0: Called Strike
1-1: Called Strike
1-2: Ground out U3 (Groundball, 34, EV 103.1 MPH)
Bottom of the 2nd over - 2 runs, 2 hits, 0 errors, 0 left on base; Panama City 0 - Vancouver 6
TOP OF THE 3RD
Panama City Piranhas batting - Pitching for Vancouver Grey Wolves : LHP Hong-bin Hua
Batting: RHB Hyeon-cheong Kim 0-0: Called Strike
0-1: Fly out, F9 (Flyball, 9S, EV 72.5 MPH)
Batting: LHB Oasiz Wiesblatt 0-0: Called Strike
0-1: Ball
1-1: Ball
2-1: Called Strike
2-2: Foul Ball, location: 2F
2-2: Fly out, F8 (Flyball, 8LD, EV 88.8 MPH)
Batting: RHB Cleveland Kraut 0-0: Ball
1-0: Foul Ball, location: 2F
1-1: Foul Ball, location: 2F
1-2: Foul Ball, location: 2F
1-2: Strikes out swinging
Top of the 3rd over - 0 runs, 0 hits, 0 errors, 0 left on base; Panama City 0 - Vancouver 6
BOTTOM OF THE 3RD
Vancouver Grey Wolves batting - Pitching for Panama City Piranhas : RHP Jaganmani Vivek
Batting: RHB Rafael Maldonado 0-0: Ball
1-0: Called Strike
1-1: Ball
2-1: Called Strike
2-2: Strikes out swinging
Batting: LHB Javier Caceres 0-0: Called Strike
0-1: Ball
1-1: Swinging Strike
1-2: Strikes out swinging
Batting: SHB John Hawley 0-0: Swinging Strike
0-1: Ball
1-1: Ground out 6-3 (Groundball, 6, EV 103.8 MPH)
Bottom of the 3rd over - 0 runs, 0 hits, 0 errors, 0 left on base; Panama City 0 - Vancouver 6
TOP OF THE 4TH
Panama City Piranhas batting - Pitching for Vancouver Grey Wolves : LHP Hong-bin Hua
Batting: RHB Blaze Alexander 0-0: SINGLE (Groundball, 6MD, EV 109.4 MPH)
Batting: RHB Carsello Scruggins 0-0: Ball
1-0: Called Strike
1-1: 2-RUN HOME RUN (Flyball, 9D, EV 86.9 MPH), Distance : 342 ft
Batting: RHB William Penn 0-0: Ball
1-0: Foul Ball, location: 2F
1-1: Ball
2-1: Fly out, F6 (Popup, 15, EV 72.5 MPH)
Batting: RHB Silvian Burger 0-0: Foul Ball, location: 2F
0-1: Ball
1-1: Ground out 5-3 (Groundball, 56, EV 89.4 MPH)
Batting: LHB Hugh Hill 0-0: Called Strike
0-1: Swinging Strike
0-2: Strikes out swinging
Top of the 4th over - 2 runs, 2 hits, 0 errors, 0 left on base; Panama City 2 - Vancouver 6
BOTTOM OF THE 4TH
Vancouver Grey Wolves batting - Pitching for Panama City Piranhas : RHP Jaganmani Vivek
Batting: LHB Cameron Woolever 0-0: Ball
1-0: SINGLE (Groundball, 4MD, EV 105.0 MPH)
Pitching: RHP Barney Starr
Batting: RHB David Stone 0-0: Foul Ball, location: 2F
0-1: Ball
1-1: Fielders Choice at 2nd, 4-6 (Groundball, 34, EV 88.1 MPH)
Batting: RHB Jimmy Scott 0-0: Ball
1-0: Foul Ball, location: 2F
1-1: Swinging Strike
1-2: Strikes out swinging
Batting: SHB Willie McGirt 0-0: Called Strike
0-1: Foul Ball, location: 2F
0-2: Ball
1-2: Ball
2-2: Foul Ball, location: 2F
2-2: Ball
3-2: Strikes out swinging
Bottom of the 4th over - 0 runs, 1 hit, 0 errors, 1 left on base; Panama City 2 - Vancouver 6
TOP OF THE 5TH
Panama City Piranhas batting - Pitching for Vancouver Grey Wolves : LHP Hong-bin Hua
Batting: RHB Luke Thornton 0-0: Ground out 6-3 (Groundball, 6M, EV 103.8 MPH)
Batting: RHB Hyeon-cheong Kim 0-0: Ball
1-0: Foul Ball, location: 2F
1-1: SINGLE (Groundball, 56D, EV 101.2 MPH)
Batting: LHB Oasiz Wiesblatt 0-0: Ball
1-0: Foul Ball, location: 2F
1-1: Ball
2-1: Swinging Strike
2-2: Foul Ball, location: 2F
2-2: Foul Ball, location: 2F
2-2: Strikes out swinging
Batting: RHB Cleveland Kraut 0-0: Ball
1-0: Fly out, F9 (Flyball, 89M, EV 87.5 MPH)
Top of the 5th over - 0 runs, 1 hit, 0 errors, 1 left on base; Panama City 2 - Vancouver 6
BOTTOM OF THE 5TH
Vancouver Grey Wolves batting - Pitching for Panama City Piranhas : RHP Barney Starr
Batting: LHB José Arras 0-0: Called Strike
0-1: Ball
1-1: Foul Ball, location: 2F
1-2: SINGLE (Groundball, 34D, EV 109.4 MPH)
Batting: RHB José Torres 0-0: Ball
1-0: Foul Ball, location: 2F
1-1: Ball
2-1: Foul Ball, location: 2F
2-2: Ball
3-2: Foul Ball, location: 2F
3-2: Base on Balls
José Arras to second
Batting: RHB Rafael Maldonado 0-0: Ball
1-0: Called Strike
1-1: Swinging Strike
1-2: Ball
2-2: Foul Ball, location: 2F
2-2: Ball
3-2: Strikes out swinging
Batting: LHB Javier Caceres 0-0: Ball
1-0: Fly out, F5 (Line Drive, 5, EV 71.2 MPH)
Batting: SHB John Hawley 0-0: Ball
1-0: Ball
2-0: Called Strike
2-1: Called Strike
2-2: Strikes out swinging
Bottom of the 5th over - 0 runs, 1 hit, 0 errors, 2 left on base; Panama City 2 - Vancouver 6
TOP OF THE 6TH
Panama City Piranhas batting - Pitching for Vancouver Grey Wolves : LHP Hong-bin Hua
Batting: RHB Blaze Alexander 0-0: Called Strike
0-1: Ball
1-1: Ball
2-1: Fly out, F8 (Line Drive, 8LD, EV 101.9 MPH)
Batting: RHB Carsello Scruggins 0-0: Foul Ball, location: 2F
0-1: SOLO HOME RUN (Flyball, 78XD, EV 109.4 MPH), Distance : 385 ft
Batting: RHB William Penn 0-0: Ball
1-0: Ground out 6-3 (Groundball, 6M, EV 82.5 MPH)
Batting: RHB Silvian Burger 0-0: Ball
1-0: Ball
2-0: Ground out 6-3 (Groundball, 6, EV 86.9 MPH)
Top of the 6th over - 1 run, 1 hit, 0 errors, 0 left on base; Panama City 3 - Vancouver 6
BOTTOM OF THE 6TH
Vancouver Grey Wolves batting - Pitching for Panama City Piranhas : RHP Barney Starr
Batting: LHB Cameron Woolever 0-0: Swinging Strike
0-1: Ground out 4-3 (Groundball, 4, EV 106.9 MPH)
Batting: RHB David Stone 0-0: Called Strike
0-1: Foul Ball, location: 2F
0-2: Ball
1-2: Foul Ball, location: 2F
1-2: Ground out 4-3 (Groundball, 4, EV 80.6 MPH)
Batting: RHB Jimmy Scott 0-0: Called Strike
0-1: SINGLE (Groundball, 6MD, EV 109.4 MPH)
Batting: SHB Willie McGirt 0-0: Called Strike
0-1: Ball
1-1: Ball
2-1: Called Strike
2-2: Foul Ball, location: 2F
2-2: Ball
3-2: Base on Balls
Jimmy Scott to second
Batting: LHB José Arras 0-0: Ball
1-0: Foul Ball, location: 2F
1-1: 3-RUN HOME RUN (Flyball, 78XD, EV 104.4 MPH), Distance : 382 ft
Batting: RHB José Torres 0-0: Ball
1-0: Ball
2-0: Called Strike
2-1: Ground out U3 (Groundball, 3, EV 100.6 MPH)
Bottom of the 6th over - 3 runs, 2 hits, 0 errors, 0 left on base; Panama City 3 - Vancouver 9
TOP OF THE 7TH
Panama City Piranhas batting - Pitching for Vancouver Grey Wolves : LHP Hong-bin Hua
Batting: LHB Hugh Hill 0-0: Swinging Strike
0-1: Called Strike
0-2: Ball
1-2: Foul Ball, location: 2F
1-2: SINGLE (Groundball, 34D, EV 108.1 MPH)
Batting: RHB Luke Thornton 0-0: Swinging Strike
Balk!
Hugh Hill to second
0-1: Called Strike
0-2: Ball
1-2: Strikes out looking
Batting: RHB Hyeon-cheong Kim 0-0: Called Strike
0-1: Foul Ball, location: 2F
0-2: Ball
1-2: Foul Ball, location: 2F
1-2: Fly out, F9 (Flyball, 9, EV 98.1 MPH)
Runner from 2nd tags up, SAFE at 3rd with throw by RF
Batting: LHB Oasiz Wiesblatt 0-0: Called Strike
0-1: Ground out 6-3 (Groundball, 6, EV 90.6 MPH)
Top of the 7th over - 0 runs, 1 hit, 0 errors, 1 left on base; Panama City 3 - Vancouver 9
BOTTOM OF THE 7TH
Vancouver Grey Wolves batting - Pitching for Panama City Piranhas : RHP Barney Starr
Batting: RHB Rafael Maldonado 0-0: Ball
1-0: Called Strike
1-1: Swinging Strike
1-2: Ball
2-2: Strikes out swinging
Batting: LHB Javier Caceres 0-0: Ball
1-0: Swinging Strike
1-1: Ball
2-1: Foul Ball, location: 2F
2-2: Strikes out swinging
Batting: SHB John Hawley 0-0: Called Strike
0-1: Called Strike
0-2: Ball
1-2: Strikes out swinging
Bottom of the 7th over - 0 runs, 0 hits, 0 errors, 0 left on base; Panama City 3 - Vancouver 9
TOP OF THE 8TH
Panama City Piranhas batting - Pitching for Vancouver Grey Wolves : LHP Hong-bin Hua
Pitching: RHP Ray Skipworth
Batting: RHB Cleveland Kraut 0-0: Called Strike
0-1: Foul Ball, location: 2F
0-2: Ball
1-2: Ball
2-2: Strikes out swinging
Batting: RHB Blaze Alexander 0-0: Ball
1-0: Fly out, F8 (Flyball, 78D, EV 97.5 MPH)
Batting: RHB Carsello Scruggins 0-0: Called Strike
0-1: Ball
1-1: Ball
2-1: Ball
3-1: Base on Balls
Batting: RHB William Penn 0-0: SINGLE (Groundball, 6MD, EV 111.2 MPH)
Carsello Scruggins to second
Runner from 2nd tries for 3rd, SAFE, no throw by CF
Batting: RHB Silvian Burger 0-0: Ball
Pickoff Throw by Catcher to First - Out!
Top of the 8th over - 0 runs, 1 hit, 0 errors, 1 left on base; Panama City 3 - Vancouver 9
BOTTOM OF THE 8TH
Vancouver Grey Wolves batting - Pitching for Panama City Piranhas : RHP Barney Starr
Pitching: RHP José Rosales
Batting: LHB Cameron Woolever 0-0: Ball
1-0: Ball
2-0: Called Strike
2-1: Ball
3-1: Ground out 4-3 (Groundball, 34D, EV 88.1 MPH)
Batting: RHB David Stone 0-0: Ball
1-0: Ball
2-0: Ground out U3 (Groundball, 34S, EV 85.6 MPH)
Batting: RHB Jimmy Scott 0-0: Ball
1-0: Foul Ball, location: 2F
1-1: Called Strike
1-2: SINGLE (Groundball, 6MD, EV 102.5 MPH)
Batting: SHB Willie McGirt 0-0: Ball
1-0: Foul Ball, location: 2F
1-1: Ball
2-1: Swinging Strike
2-2: Foul Ball, location: 2F
2-2: Foul Ball, location: 2F
2-2: Foul Ball, location: 2F
2-2: Ball
3-2: Strikes out swinging
Bottom of the 8th over - 0 runs, 1 hit, 0 errors, 1 left on base; Panama City 3 - Vancouver 9
TOP OF THE 9TH
Panama City Piranhas batting - Pitching for Vancouver Grey Wolves : RHP Ray Skipworth
Batting: RHB Silvian Burger 0-0: Fly out, F8 (Flyball, 8LS, EV 90.6 MPH)
Batting: LHB Hugh Hill 0-0: Called Strike
0-1: Ball
1-1: Ball
2-1: Ground out 6-3 (Groundball, 6, EV 86.2 MPH)
Batting: RHB Luke Thornton 0-0: Called Strike
0-1: Swinging Strike
0-2: Ball
1-2: Ground out 5-3 (Groundball, 56, EV 86.9 MPH)
Top of the 9th over - 0 runs, 0 hits, 0 errors, 0 left on base; Panama City 3 - Vancouver 9
Friday, March 26th, 2021 - OOTP Baseball 20.8 Build 74